 Dungeon Crawl Stone Soup version 0.31-a0-486-g8d68a81214 (webtiles) character file.

Game seed: 12635194014858895985

1874 cforsyth the Charlatan (level 9, 0/67 HPs)
             Began as a Gnoll Artificer on Aug 4, 2023.
             Slain by a gnoll bouda
             ... wielding a +0 flail
              (9 damage)
             ... on level 6 of the Dungeon on Aug 7, 2023.
             The game lasted 00:15:44 (6356 turns).

cforsyth the Charlatan (Gnoll Artificer)            Turns: 6356, Time: 00:15:44

Health: 0/67       AC: 14    Str: 11    XL:     9   Next: 14%
Magic:  24/24      EV:  5    Int: 15    God:
Gold:   57         SH: 14    Dex: 15    Spells: 16/16 levels left

rFire   + . .        J - +6 short sword of Integrity {drain, Dex+2}
rCold   . . .        v - +0 kite shield
rNeg    . . .        o - +0 chain mail
rPois   .            p - +0 helmet
rElec   .            l - +0 cloak
rCorr   .            k - +0 pair of gloves
SInv    .            (no boots)
Will    .....        z - amulet of reflection Stlth
                     i - ring of protection from fire
HPRegen 0.31/turn    y - ring of magical power
MPRegen 0.19/turn

%: reflection
@: slowed, very slow
A: fangs 1, strong nose, distributed training
a: no special abilities


You were on level 6 of the Dungeon.
You visited 2 branches of the dungeon, and saw 7 of its levels.

You collected 329 gold pieces.
You spent 272 gold pieces at shops.

Inventory:

Hand Weapons
 a - a +0 club
 q - a +0 short sword
 B - a +0 dagger of venom
 J - the +6 short sword of Integrity (weapon) {drain, Dex+2}
   (You bought it in a shop on level 6 of the Dungeon)

   Dex:       It affects your dexterity (+2).
Missiles
 A - a throwing net
Armour
 b - a +0 leather armour
 k - a +0 pair of gloves (worn)
 l - a +0 cloak (worn)
 o - a +0 chain mail (worn)
 p - a +0 helmet (worn)
 v - a +0 kite shield (worn)
Jewellery
 i - a ring of protection from fire (left hand)
 y - a ring of magical power (right hand)
 z - an amulet of reflection (around neck)
Wands
 d - a wand of charming (8)
 e - a wand of iceblast (2)
Scrolls
 f - 3 scrolls of identify {unknown}
 m - 3 scrolls of teleportation {unknown}
 n - a scroll of acquirement {unknown}
 r - 2 scrolls of poison
 s - 2 scrolls of blinking
 w - a scroll of noise {unknown}
 x - 2 scrolls of vulnerability {unknown}
 E - a scroll of enchant weapon {unknown}
 H - a scroll of enchant armour {unknown}
 I - a scroll of amnesia {unknown}
Potions
 c - 2 potions of cancellation {unknown}
 g - a potion of degeneration {unknown}
 h - 2 potions of berserk rage {unknown}
 j - a potion of enlightenment {unknown}
 t - a potion of lignification {unknown}
 u - a potion of attraction {unknown}
 D - 2 potions of resistance {unknown}
 F - a potion of invisibility {unknown}
 G - a potion of magic {unknown}


   Skills:
 + Level 4.8 Fighting
 + Level 4.0 Short Blades
 + Level 4.0 Long Blades
 + Level 4.0 Axes
 + Level 4.0 Maces & Flails
 + Level 4.0 Polearms
 + Level 4.0 Staves
 + Level 4.0 Ranged Weapons
 + Level 4.0 Throwing
 + Level 6.1 Armour
 + Level 4.8 Dodging
 + Level 4.7 Stealth
 + Level 4.0 Shields
 + Level 4.0 Unarmed Combat
 + Level 4.0 Spellcasting
 + Level 3.3 Conjurations
 + Level 3.3 Hexes
 + Level 3.3 Summonings
 + Level 3.3 Necromancy
 + Level 3.3 Translocations
 + Level 3.3 Transmutations
 + Level 3.3 Fire Magic
 + Level 3.3 Ice Magic
 + Level 3.3 Air Magic
 + Level 3.3 Earth Magic
 + Level 3.3 Poison Magic
 + Level 4.4 Invocations
 + Level 7.7 Evocations
 + Level 3.3 Shapeshifting


You had 16 spell levels left.
You didn't know any spells.
Your spell library contained the following spells:

 Spells                   Type           Power      Damage    Failure   Level
 Cigotuvi's Dreadful Rot  Necr/Pois/Air  24%        N/A       100%        2
 Ignite Poison            Fire/Tmut/Pois 12%        N/A       100%        3
 Volatile Blastmotes      Fire/Tloc      24%        2d12      100%        3
 Fulminant Prism          Conj/Hex       6%         3d7       100%        4
 Iskenderun's Mystic Bla  Conj/Tloc      12%        2d5       100%        4
 Freezing Cloud           Conj/Ice/Air   6%         6-21      100%        5


Dungeon Overview and Level Annotations

Branches:
Dungeon (6/15)             Temple (1/1) D:5

Altars:
Cheibriados
Elyvilon
Fedhas
Gozag
Okawaru
Qazlal
Trog
Uskayaw
Vehumet
Wu Jian
Yredelemnul
Zin

Shops:
D:5 *   D:6 (

Annotations:
D:6 Dowan, Duvessa


Innate Abilities, Weirdness & Mutations

You have very sharp teeth.
Your uncanny sense of smell can sniff out nearby items.
Your experience applies equally to all skills.


Message History

The gnoll bouda shouts!
You hit the kobold brigand. You drain the kobold brigand.
You bite the kobold brigand, but do no damage.
The kobold brigand is heavily wounded.
You block the kobold brigand's attack. x2
You closely miss the kobold brigand.
The kobold brigand is heavily wounded.
You block the kobold brigand's attack.
You hit the kobold brigand.
The kobold brigand is severely wounded.
The kobold brigand hits you but does no damage.
The gnoll bouda gazes fiercely through you!
You feel your attacks grow feeble.
The kobold brigand hits you with a +0 whip.
* * * LOW HITPOINT WARNING * * *
You barely miss the kobold brigand.
The kobold brigand is severely wounded.
You block the kobold brigand's attack.
You closely miss the kobold brigand. Your bite misses the kobold brigand.
The kobold brigand is severely wounded.
The sky beast flickers out of sight!
Deactivating autopickup; reactivate with Ctrl-A.
The kobold brigand hits you but does no damage.
The gnoll bouda hits you with a +0 flail.
* * * LOW HITPOINT WARNING * * *
You block the kobold brigand's attack.
You hit the kobold brigand.
You bite the kobold brigand, but do no damage.
The kobold brigand is almost dead.
The gnoll bouda hits you with a +0 flail.
* * * LOW HITPOINT WARNING * * *
You block the kobold brigand's attack.
You hit the kobold brigand. You drain the kobold brigand.
The kobold brigand is almost dead.
Your attacks no longer feel as feeble.
The gnoll bouda hits you with a +0 flail.
* * * LOW HITPOINT WARNING * * *
The kobold brigand hits you but does no damage.
The gnoll bouda hits you with a +0 flail!
You die...

[.. ########.#.#..# #.#
...#######.......#.#..###.#
...##...##.##..#.#.#..#.#.#
......#8##..#..#.#......#.#
#.....#.##..#..#.#....#.#.#
.......∩....#..#.....##.#.#
#.....#.##.......#....#.#.#
......#<##.##.....<...#.#)#
...†...........K@)....#.#.#
...##s.8##.#....g#....#.#.#
...#.............†[...#.#.#
...S....#..###...#.#..#.#.#
.................†......#.#
...................####.#.#
.W#####....###.....†......#
......#...........#####)###
#.....>....####...# #<..#


You could see a kobold brigand (very drained) and a gnoll bouda.

Vanquished Creatures
  Grinder (D:4)
  Sigmund (D:2)
  2 ice beasts (D:5)
  A sky beast (D:6)
  A black bear (D:6)
  2 ogres
  A centaur (D:6)
  A phantom (D:6)
  A kobold brigand (D:6)
  2 scorpions
  An orc priest (D:3)
  3 hounds (D:5)
  3 iguanas
  A sleepcap (D:5)
  An orc wizard (D:6)
  A mummy (D:3)
  Robin (D:4)
  20 gnolls
  12 adders
  A white imp (D:5)
  A worm (D:2)
  A dart slug (D:4)
  2 orcs (D:3)
  5 ball pythons
  7 bats
  10 endoplasms
  4 giant cockroaches
  10 hobgoblins
  2 jackals (D:2)
  6 quokkas
  4 frilled lizards
  12 goblins
  5 kobolds
  8 rats
134 creatures vanquished.

Vanquished Creatures (others)
  An adder (D:3)
  3 goblins (D:4)
  A hobgoblin (D:4)
5 creatures vanquished.

Grand Total: 139 creatures vanquished

Notes
Turn   | Place    | Note
-------+----------+-------------------------------------------
     0 | D:1      | cforsyth the Gnoll Artificer began the quest for the Orb.
     0 | D:1      | Reached XP level 1. HP: 17/17 MP: 1/1
    79 | D:1      | Reached XP level 2. HP: 13/23 MP: 2/2
   652 | D:1      | Reached XP level 3. HP: 9/28 MP: 3/3
   950 | D:2      | Reached skill level 1 in Invocations
  1271 | D:2      | Reached skill level 1 in Short Blades
  1271 | D:2      | Reached skill level 1 in Long Blades
  1271 | D:2      | Reached skill level 1 in Axes
  1271 | D:2      | Reached skill level 1 in Maces & Flails
  1271 | D:2      | Reached skill level 1 in Polearms
  1271 | D:2      | Reached skill level 1 in Staves
  1271 | D:2      | Reached skill level 1 in Ranged Weapons
  1271 | D:2      | Reached skill level 1 in Throwing
  1271 | D:2      | Reached skill level 1 in Shields
  1271 | D:2      | Reached skill level 1 in Unarmed Combat
  1271 | D:2      | Reached skill level 1 in Spellcasting
  1286 | D:2      | Reached XP level 4. HP: 22/34 MP: 5/5
  1432 | D:2      | Found a faded altar of an unknown god.
  1734 | D:2      | Noticed Sigmund
  1822 | D:2      | Killed Sigmund
  1823 | D:2      | Reached skill level 1 in Conjurations
  1823 | D:2      | Reached skill level 1 in Hexes
  1823 | D:2      | Reached skill level 1 in Summonings
  1823 | D:2      | Reached skill level 1 in Necromancy
  1823 | D:2      | Reached skill level 1 in Translocations
  1823 | D:2      | Reached skill level 1 in Transmutations
  1823 | D:2      | Reached skill level 1 in Fire Magic
  1823 | D:2      | Reached skill level 1 in Ice Magic
  1823 | D:2      | Reached skill level 1 in Air Magic
  1823 | D:2      | Reached skill level 1 in Earth Magic
  1823 | D:2      | Reached skill level 1 in Poison Magic
  1823 | D:2      | Reached skill level 1 in Shapeshifting
  1823 | D:2      | Reached XP level 5. HP: 41/41 MP: 5/7
  1823 | D:2      | Reached XP level 6. HP: 47/47 MP: 5/8
  2104 | D:2      | Reached skill level 5 in Armour
  2412 | D:3      | Upgraded the game from 0.31-a0-455-g1a7b003ef0 to
                  | 0.31-a0-460-g9e667d4245
  2412 | D:3      | Upgraded the game from 0.31-a0-460-g9e667d4245 to
                  | 0.31-a0-486-g8d68a81214
  2803 | D:3      | HP: 2/47 [adder (2)]
  3109 | D:3      | Reached XP level 7. HP: 29/52 MP: 10/10
  3220 | D:3      | Reached skill level 7 in Evocations
  3350 | D:3      | Found a snail-covered altar of Cheibriados.
  3477 | D:4      | Noticed Grinder
  3523 | D:4      | Noticed Robin
  3533 | D:4      | Killed Robin
  3691 | D:4      | Killed Grinder
  4240 | D:4      | Found a radiant altar of Vehumet.
  4381 | D:4      | Reached XP level 8. HP: 52/60 MP: 12/12
  4652 | D:5      | Entered Level 5 of the Dungeon
  5097 | D:5      | Found a staircase to the Ecumenical Temple.
  5206 | Temple   | Entered the Ecumenical Temple
  5216 | D:5      | Found Kiydos's Neck Hole.
  5698 | D:5      | Found a blossoming altar of Fedhas.
  5936 | D:6      | Found Qyidac's Antique Weapon Shoppe.
  5941 | D:6      | Bought a warped short sword for 272 gold pieces
  5941 | D:6      | Identified the +6 short sword of Integrity {drain, Dex+2}
                  | (You bought it in a shop on level 6 of the Dungeon)
  6064 | D:6      | Noticed Duvessa
  6065 | D:6      | Noticed Dowan
  6285 | D:6      | Reached XP level 9. HP: 66/66 MP: 14/14
  6317 | D:6      | Identified the +1 ring mail of Anarchy {rCorr Str+3 Slay+2
                  | Stlth+}
  6356 | D:6      | Slain by a gnoll bouda

Illustrated notes

Levels and vault maps discovered:
D:1:      dpeg_arrival_rooms_a, layout_basic
D:2:      layout_loops_cross, shapermc_ecumenical_altar_venn, uniq_sigmund
D:3:      layout_rooms, slow_altar_2
D:4:      layout_rooms, fiery_altar_vehumet, dk_noncrumbling_2,
          guppyfry_early_lair_pool, uniq_robin, uniq_grinder
D:5:      layout_basic, fedhas_altar_fruit_tree, temple_statues,
          kennysheep_path_1, wad_floor_pattern_1, minmay_hedge_maze,
          grunt_decor_clamped, nicolae_shop_sticking_my_neck_out
D:6:      cheibrodos_fzero, layout_basic, evilmike_ruin_ashenzari, serial_shops,
          shop_statue, nicolae_shop_temple_entry_statues_fountains,
          nicolae_take_the_stairs, nicolae_shop_tiny_statue_garden,
          nicolae_shop_statue_plus, grunt_ministairs_5, serial_bayou_lagoon_a,
          nicolae_half_adder, uniq_maggie, uniq_duvessa
Temple:   nicolae_temple_bog_church

Skill      XL: |  1  2  3  4  5  6  7  8  9 |
---------------+----------------------------+-----
Invocations    | 1 2 3 4 |  4.4
Short Blades   | 1 2 3 4 |  4.0
Long Blades    | 1 2 3 4 |  4.0
Axes           | 1 2 3 4 |  4.0
Maces & Flails | 1 2 3 4 |  4.0
Polearms       | 1 2 3 4 |  4.0
Staves         | 1 2 3 4 |  4.0
Ranged Weapons | 1 2 3 4 |  4.0
Throwing       | 1 2 3 4 |  4.0
Shields        | 1 2 3 4 |  4.0
Unarmed Combat | 1 2 3 4 |  4.0
Spellcasting   | 1 2 3 4 |  4.0
Fighting       | 3 4 |  4.8
Dodging        | 3 4 |  4.8
Stealth        | 3 4 |  4.7
Conjurations   | 1 2 3 |  3.3
Hexes          | 1 2 3 |  3.3
Summonings     | 1 2 3 |  3.3
Necromancy     | 1 2 3 |  3.3
Translocations | 1 2 3 |  3.3
Transmutations | 1 2 3 |  3.3
Fire Magic     | 1 2 3 |  3.3
Ice Magic      | 1 2 3 |  3.3
Air Magic      | 1 2 3 |  3.3
Earth Magic    | 1 2 3 |  3.3
Poison Magic   | 1 2 3 |  3.3
Shapeshifting  | 1 2 3 |  3.3
Armour         | 5 6 |  6.1
Evocations     | 7 |  7.7

Action                     |  1- 3 |  4- 6 |  7- 9 || total
---------------------------+-------+-------+-------++-------
  Melee: Club              |   120 |       |       ||   120
         Bite              |    12 |    34 |    60 ||   106
         Punch             |     4 |     1 |       ||     5
         Short sword       |    38 |   271 |   149 ||   458
         Dagger            |       |       |   223 ||   223
  Evoke: Wand              |       |    19 |     6 ||    25
    Use: Potion            |       |     1 |     1 ||     2
         Scroll            |       |       |     2 ||     2
   Stab: Sleeping          |     3 |       |       ||     3
 Armour: Leather armour    |    28 |       |       ||    28
         Chain mail        |    89 |   191 |   178 ||   458
  Dodge: Dodged            |   113 |    61 |    61 ||   235
  Block: Kite shield       |       |   113 |   281 ||   394
         Reflection        |       |     1 |     5 ||     6

Table legend: (Time is in decaauts)
 A = Elapsed time spent in this place.
 B = Non-inter-level travel time spent in this place.
 C = Inter-level travel time spent in this place.
 D = Time resting spent in this place.
 E = Time spent auto-exploring this place.
 F = Levels seen in this place.
 G = Mean time per level.
                   A        B        C        D        E       F      G
               +--------+--------+--------+--------+--------+-----+--------+
         Total |   6446 |   6047 |    399 |    567 |   3849 |   7 |  920.9 |
       Dungeon |   6442 |   6046 |    396 |    567 |   3849 |   6 | 1073.7 |
        Temple |      4 |      2 |      2 |      0 |      0 |   1 |    4.0 |
               +--------+--------+--------+--------+--------+-----+--------+

Top non-repeatable levels by time:
     D:2: 1579 daAuts
     D:5: 1377 daAuts
     D:3: 1079 daAuts
     D:4: 1063 daAuts
     D:1: 1004 daAuts
     D:6: 337 daAuts
  Temple: 4 daAuts
